 Dungeon Crawl Stone Soup version 0.26-a0-376-g13fbb91ece (webtiles) character file.

Game seed: 14282755768411372955

5957 Glokmah the Ducker (level 10, -6/76 HPs)
             Began as a Gnoll Arcane Marksman on July 20, 2020.
             Was an Elder of Okawaru.
             Mangled by a black mamba (14 damage)
             ... on level 1 of the Lair of Beasts.
             The game lasted 00:31:13 (12519 turns).

Glokmah the Ducker (Gnoll Arcane Marksman)         Turns: 12519, Time: 00:31:14

Health: -6/76      AC:  8    Str: 12    XL:     10   Next: 84%
Magic:  13/19      EV: 17    Int: 21    God:    Okawaru [****..]
Gold:   942        SH:  6    Dex: 18    Spells: 11/21 levels left

rFire    + . .     SeeInvis +   a - +8 mace of the Three Quests {vorpal, rPois Int+4 SInv}
rCold    x . .     Faith    .   J - +0 buckler
rNeg     + . .     Spirit   .   y - +0 steam dragon scales
rPois    +         Reflect  .   t - +0 helmet
rElec    .         Harm     .   (no cloak)
rCorr    .                      (no gloves)
MR       .....                  n - +0 pair of boots
Stlth    +++.......             (no amulet)
HPRegen  0.22/turn              w - ring of positive energy
MPRegen  0.16/turn              C - ring of fire

@: no status effects
A: distributed training, fangs 1, strong nose
a: Heroism, Renounce Religion


You were on level 1 of the Lair of Beasts.
You worshipped Okawaru.
Okawaru was greatly pleased with you.
You visited 3 branches of the dungeon, and saw 11 of its levels.
You also visited: Ossuary.

You collected 942 gold pieces.

Inventory:

Hand Weapons
 a - the +8 mace of the Three Quests (weapon) {vorpal, rPois Int+4 SInv}
   (You found it on level 4 of the Dungeon)

   It inflicts extra damage upon your enemies.
   It affects your intelligence (+4).
   It protects you from poison.
   It lets you see invisible.
 b - the +6 war axe of the Tundras {protect, rPois}
   (You found it on level 8 of the Dungeon)

   It grants its wielder temporary protection when it strikes (+7 to AC).
   It protects you from poison.
 c - the +3 rapier of the Open Hand {drain, rPois Dex+2}
   (You found it on level 6 of the Dungeon)

   A truly terrible weapon, it drains the life of those it strikes.
   It affects your dexterity (+2).
   It protects you from poison.
 H - a +4 dagger
 I - a +1 dagger of venom
 K - a +0 falchion
Missiles
 d - 3 throwing nets
 r - 23 poisoned darts (quivered)
 z - 10 javelins
Armour
 n - a +0 pair of boots (worn)
 t - a +0 helmet (worn)
 y - +0 steam dragon scales (worn)
 E - the +0 robe of Hedging {rPois rC+ Str+3 Int-4}
   (You found it on level 4 of the Dungeon)

   It affects your strength (+3).
   It affects your intelligence (-4).
   It protects you from cold.
   It protects you from poison.
 J - a +0 buckler (worn)
Jewellery
 o - a +6 ring of strength
 v - an uncursed ring of wizardry
 w - a ring of positive energy (left hand)
 C - a ring of fire (right hand)
Wands
 G - a wand of flame (30)
Scrolls
 g - 3 scrolls of enchant weapon
 i - a scroll of amnesia
 k - 6 scrolls of teleportation
 m - 4 scrolls of immolation
 q - 7 scrolls of remove curse
 D - a scroll of fog
 M - a scroll of vulnerability
Potions
 e - a potion of invisibility
 f - 5 potions of haste
 h - 2 potions of curing
 j - 2 potions of brilliance
 l - 2 potions of might
 p - 4 potions of flight
 s - 2 potions of lignification {unknown}
 u - 4 potions of stabbing
 x - a potion of resistance
 A - 2 potions of mutation {unknown}
 B - 2 potions of ambrosia {unknown}
 F - a potion of degeneration {unknown}
 L - 2 potions of magic {unknown}


   Skills:
 + Level 6.2 Fighting
 + Level 5.5 Short Blades
 + Level 5.5 Long Blades
 + Level 5.5 Axes
 + Level 5.5 Maces & Flails
 + Level 5.5 Polearms
 + Level 5.5 Staves
 + Level 5.5 Slings
 + Level 5.5 Bows
 + Level 5.5 Crossbows
 + Level 7.3 Throwing
 + Level 5.5 Armour
 + Level 7.3 Dodging
 + Level 5.5 Stealth
 + Level 5.5 Shields
 + Level 5.5 Unarmed Combat
 + Level 6.3 Spellcasting
 + Level 4.6 Conjurations
 + Level 7.2 Hexes
   Level 0.0 Charms
 + Level 4.6 Summonings
 + Level 4.6 Necromancy
 + Level 4.6 Translocations
 + Level 4.6 Transmutations
 + Level 4.6 Fire Magic
 + Level 4.6 Ice Magic
 + Level 4.6 Air Magic
 + Level 4.6 Earth Magic
 + Level 4.6 Poison Magic
 + Level 6.1 Invocations
 + Level 5.5 Evocations


You had 11 spell levels left.
You knew the following spells:

 Your Spells              Type           Power        Failure   Level
a - Corona                Hex            #####..      1%          1
b - Slow                  Hex            #####...     1%          2
c - Inner Flame           Hex/Fire       #####...     2%          3
d - Cause Fear            Hex            #####.....   4%          4

Your spell library contained the following spells:

 Spells                   Type           Power        Failure   Level
 Sandblast                Erth           ####..       1%          1
 Passwall                 Tmut/Erth      ####....     2%          2
 Portal Projectile        Hex/Tloc       ####..       2%          3
 Stone Arrow              Conj/Erth      ####..       4%          3
 Leda's Liquefaction      Hex/Erth       ####......   9%          4
 Petrify                  Tmut/Erth      ####....     14%         4
 Lee's Rapid Deconstruct  Erth           ####......   36%         5


Dungeon Overview and Level Annotations

Branches:
Dungeon (9/15)             Temple (1/1) D:4            Lair (1/6) D:9
Ossuary (visited)
    Orc: D:9-12

Altars:
Ashenzari
Cheibriados
Dithmenos
Elyvilon
Fedhas
Gozag
Hepliaklqana
Kikubaaqudgha
Makhleb
Nemelex Xobeh
Okawaru
Qazlal
Ru
Sif Muna
Trog
Uskayaw
Vehumet
Wu Jian
Xom
Yredelemnul
Zin
The Shining One
Beogh

Shops:
D:7 [(?

Annotations:
D:8 3 runed translucent doors, qipq's ghost, novice KoAr


Innate Abilities, Weirdness & Mutations

Your experience applies equally to all skills.
You have very sharp teeth.
Your uncanny sense of smell can sniff out nearby items.


Message History

The black mamba is filled with an inner flame.
Throwing (i - inventory. (/) - cycle)
r - 24 poisoned darts (quivered)
Press: ? - help, Shift-Dir - straight line, f/p - black mamba
Aim: a black mamba (inner flame)
You throw a poisoned dart. The poisoned dart hits the black mamba!
The black mamba is poisoned.
The black mamba bites you!
* * * LOW HITPOINT WARNING * * *
There is a staircase back to the Dungeon here.
You hit the black mamba but do no damage.
The black mamba bites you!
* * * LOW HITPOINT WARNING * * *
You block the black mamba's attack. The black mamba closely misses you.
You feel better.
Flame seeps out of the black mamba.
The black mamba is engulfed in blazing flames.
Flame seeps out of the black mamba.
The black mamba bites you but does no damage.
The black mamba is engulfed in blazing flames.
Flame seeps out of the black mamba.
The black mamba bites you!
You die...

#.........P#
##.....#####
#####(.>....#
.......#..##.#
####.P.#.## .#
###
#.P....##.#...
#.#.#.##..#.#
#.#.#.......#
#....#@#.(###
#..#.##S#..##
##... #.....#
#.( #○...#..#
#.#..°.☼.......#
#.##.☼.°.#####.#
# #.P##.# ...#
#.. ###. #...


You could see a black mamba (inner flame, very poisoned).

Vanquished Creatures
  A komodo dragon (Lair:1)
  Maggie (D:7)
  2 trolls (D:9)
  4 yaks (D:9)
  Menkaure (D:7)
  A steam dragon (D:9)
  2 insubstantial wisps (D:9)
  Duvessa (D:7)
  4 orc warriors
  4 ice beasts
  4 sky beasts
  2 phantoms
  A necrophage (D:8)
  2 ogres
  3 centaurs
  3 bullfrogs
  Dowan (D:7)
  2 scorpions
  A water moccasin skeleton (D:6)
  2 jellies
  2 howler monkeys
  A centaur zombie (D:5)
  2 quasits
  5 orc priests
  A bullfrog skeleton (D:9)
  A centaur skeleton (D:6)
  3 hounds (D:8)
  Terence (D:2)
  5 iguanas
  9 orc wizards
  8 worker ants
  2 hound zombies (D:6)
  8 mummies (Ossuary)
  11 gnolls
  7 adders
  2 white imps
  An ufetubus (D:9)
  2 oozes
  5 worms
  3 dart slugs
  5 leopard geckos
  52 orcs
  2 giant cockroaches (D:5)
  10 goblins
  8 hobgoblins
  2 jackals (D:6)
  2 quokkas
  6 bats
  7 frilled lizards
  3 gnoll zombies (Ossuary)
  3 hobgoblin zombies (Ossuary)
  A jackal skeleton (D:6)
  14 kobolds
  A kobold zombie (Ossuary)
  3 leopard gecko skeletons
  An orc zombie (Ossuary)
  A quokka skeleton (D:6)
  6 rats
248 creatures vanquished.

Notes
Turn   | Place    | Note
-------+----------+-------------------------------------------
     0 | D:1      | Glokmah the Gnoll Arcane Marksman began the quest for the
                  | Orb.
     0 | D:1      | Reached XP level 1. HP: 17/17 MP: 4/4
   108 | D:1      | Reached XP level 2. HP: 14/23 MP: 5/5
   740 | D:1      | Reached XP level 3. HP: 26/28 MP: 7/7
  1567 | D:1      | Reached skill level 1 in Invocations
  1900 | D:2      | Reached skill level 1 in Short Blades
  1900 | D:2      | Reached skill level 1 in Long Blades
  1900 | D:2      | Reached skill level 1 in Axes
  1900 | D:2      | Reached skill level 1 in Maces & Flails
  1900 | D:2      | Reached skill level 1 in Polearms
  1900 | D:2      | Reached skill level 1 in Staves
  1900 | D:2      | Reached skill level 1 in Slings
  1900 | D:2      | Reached skill level 1 in Bows
  1900 | D:2      | Reached skill level 1 in Crossbows
  1900 | D:2      | Reached skill level 1 in Armour
  1900 | D:2      | Reached skill level 1 in Stealth
  1900 | D:2      | Reached skill level 1 in Shields
  1900 | D:2      | Reached skill level 1 in Unarmed Combat
  1900 | D:2      | Reached skill level 1 in Evocations
  1931 | D:2      | Reached XP level 4. HP: 27/34 MP: 8/8
  2192 | D:2      | Noticed Terence
  2214 | D:2      | Killed Terence
  2214 | D:2      | Reached skill level 1 in Conjurations
  2214 | D:2      | Reached skill level 1 in Summonings
  2214 | D:2      | Reached skill level 1 in Necromancy
  2214 | D:2      | Reached skill level 1 in Translocations
  2214 | D:2      | Reached skill level 1 in Transmutations
  2214 | D:2      | Reached skill level 1 in Fire Magic
  2214 | D:2      | Reached skill level 1 in Ice Magic
  2214 | D:2      | Reached skill level 1 in Air Magic
  2214 | D:2      | Reached skill level 1 in Earth Magic
  2214 | D:2      | Reached skill level 1 in Poison Magic
  2283 | D:2      | Found an ancient bone altar of Kikubaaqudgha.
  2488 | D:3      | Learned a level 2 spell: Slow
  2492 | D:3      | Learned a level 3 spell: Inner Flame
  2743 | D:3      | Reached XP level 5. HP: 40/40 MP: 1/9
  3555 | D:4      | Got a jewelled mace
  3564 | D:4      | Found a sand-covered staircase.
  3568 | D:4      | Identified the +8 mace of the Three Quests {vorpal, rPois
                  | Int+4 SInv} (You found it on level 4 of the Dungeon)
  3571 | Ossuary  | Entered an ossuary
  3595 | Ossuary  | Reached XP level 6. HP: 44/47 MP: 8/10
  3846 | Ossuary  | Reached skill level 5 in Throwing
  3846 | Ossuary  | Reached skill level 5 in Dodging
  4138 | D:4      | Learned a level 4 spell: Cause Fear
  4163 | D:4      | Reached XP level 7. HP: 52/52 MP: 12/12
  4279 | D:4      | Found a staircase to the Ecumenical Temple.
  4288 | Temple   | Entered the Ecumenical Temple
  4502 | Temple   | Became a worshipper of Warmaster Okawaru
  4590 | D:4      | Got an ominously black robe
  4601 | D:4      | Identified the +0 robe of Hedging {rPois rC+ Str+3 Int-4}
                  | (You found it on level 4 of the Dungeon)
  4722 | D:4      | Found a shimmering blue altar of Sif Muna.
  4726 | D:4      | Found a hide-covered altar of Uskayaw.
  4967 | D:5      | Entered Level 5 of the Dungeon
  5746 | D:5      | Found a white marble altar of Elyvilon.
  6597 | D:5      | Reached * piety under Okawaru
  6672 | D:5      | Found a runed translucent door.
  6680 | D:5      | Reached XP level 8. HP: 56/60 MP: 14/14
  7142 | D:5      | Found a roughly hewn altar of Beogh.
  7213 | D:6      | Found a stormy altar of Qazlal.
  7555 | D:6      | Reached ** piety under Okawaru
  7579 | D:6      | Reached XP level 9. HP: 8/66 MP: 13/16
  7919 | D:6      | Found a shadowy altar of Dithmenos.
  8278 | D:6      | Got a warped rapier
  8540 | D:6      | Identified the +3 rapier of the Open Hand {drain, rPois
                  | Dex+2} (You found it on level 6 of the Dungeon)
  8825 | D:6      | Reached skill level 5 in Spellcasting
  8995 | D:7      | Found Rolodafe's Weapon Shop.
  8996 | D:7      | Found Daluef Ojum's Magic Scroll Emporium.
  9395 | D:7      | Noticed Duvessa
  9412 | D:7      | Killed Duvessa
  9412 | D:7      | Reached skill level 5 in Fighting
  9483 | D:7      | Noticed Dowan
  9491 | D:7      | Killed Dowan
  9634 | D:7      | Found Xiokhlimm's Armour Boutique.
  9634 | D:7      | Noticed Menkaure
  9638 | D:7      | Killed Menkaure
  9802 | D:7      | Noticed Maggie
  9809 | D:7      | Killed Maggie
  9982 | D:8      | Got a polished war axe
  9994 | D:8      | Reached skill level 5 in Invocations
 10004 | D:8      | Identified the +6 war axe of the Tundras {protect, rPois}
                  | (You found it on level 8 of the Dungeon)
 10137 | D:8      | Found a shimmering blue altar of Sif Muna.
 10304 | D:8      | Found a runed translucent gate.
 10304 | D:8      | Found a runed translucent gate.
 10304 | D:8      | Noticed qipq's ghost (novice KoAr)
 10307 | D:8      | Noticed a two-headed ogre
 10322 | D:8      | Found a runed translucent gate.
 10363 | D:8      | Reached *** piety under Okawaru
 10363 | D:8      | Reached XP level 10. HP: 15/72 MP: 14/18
 10856 | D:9      | Found a staircase to the Lair.
 11255 | D:9      | Reached skill level 5 in Short Blades
 11255 | D:9      | Reached skill level 5 in Long Blades
 11255 | D:9      | Reached skill level 5 in Axes
 11255 | D:9      | Reached skill level 5 in Maces & Flails
 11255 | D:9      | Reached skill level 5 in Polearms
 11255 | D:9      | Reached skill level 5 in Staves
 11255 | D:9      | Reached skill level 5 in Slings
 11255 | D:9      | Reached skill level 5 in Bows
 11255 | D:9      | Reached skill level 5 in Crossbows
 11255 | D:9      | Reached skill level 5 in Armour
 11255 | D:9      | Reached skill level 5 in Stealth
 11255 | D:9      | Reached skill level 5 in Shields
 11255 | D:9      | Reached skill level 5 in Unarmed Combat
 11255 | D:9      | Reached skill level 5 in Evocations
 11683 | D:9      | Reached **** piety under Okawaru
 12413 | Lair:1   | Entered Level 1 of the Lair of Beasts
 12458 | Lair:1   | Received a gift from Okawaru
 12512 | Lair:1   | Noticed a black mamba
 12517 | Lair:1   | HP: 2/76 [black mamba (13)]
 12519 | Lair:1   | Mangled by a black mamba

Illustrated notes

Levels and vault maps discovered:
D:1:      mushboom_english_gardens, layout_loops_corners, st_stairs_10,
          chequers_serial_rivers_small_3
D:2:      layout_basic, lemuel_doored_altar, uniq_terence
D:3:      layout_loops_ring, serial_park_tiny_pond
D:4:      layout_rooms, nicolae_overflow_hidden_temple,
          minmay_temple_entry_drinking_statues,
          lightli_ossuary_entry_decrepit_ruins, mrwooster_statue_mirror,
          nrook_mini_vaults
D:5:      layout_loops_corners, nicolae_overflow_crystal_walls,
          hangedman_glass_teeth, lightli_church_of_beogh
D:6:      layout_loops_ring, minmay_statues_item, hangedman_feature_mirror,
          st_stairs_14
D:7:      layout_loops_cross, serial_shops, kennysheep_little_box, shop, shop,
          sigmund_army, uniq_menkaure, uniq_duvessa, uniq_maggie
D:8:      layout_cave_pools, gammafunk_ghost_split, led_sif_book
D:9:      layout_cave_pools, lair_entry_dummy, hangedman_misty_isle
Temple:   regret_index_temple_mists
Lair:1:   layout_loops_ring, chequers_serial_rivers_micro_c,
          lemuel_old_faithful, uniq_erica

Skill      XL: |  1  2  3  4  5  6  7  8  9 10 |
---------------+-------------------------------+-----
Invocations    | 1 2 3 4 5 6 |  6.1
Short Blades   | 1 2 3 4 5 |  5.5
Long Blades    | 1 2 3 4 5 |  5.5
Axes           | 1 2 3 4 5 |  5.5
Maces & Flails | 1 2 3 4 5 |  5.5
Polearms       | 1 2 3 4 5 |  5.5
Staves         | 1 2 3 4 5 |  5.5
Slings         | 1 2 3 4 5 |  5.5
Bows           | 1 2 3 4 5 |  5.5
Crossbows      | 1 2 3 4 5 |  5.5
Armour         | 1 2 3 4 5 |  5.5
Stealth        | 1 2 3 4 5 |  5.5
Shields        | 1 2 3 4 5 |  5.5
Unarmed Combat | 1 2 3 4 5 |  5.5
Evocations     | 1 2 3 4 5 |  5.5
Spellcasting   | 3 4 5 6 |  6.3
Conjurations   | 1 2 3 4 |  4.6
Summonings     | 1 2 3 4 |  4.6
Necromancy     | 1 2 3 4 |  4.6
Translocations | 1 2 3 4 |  4.6
Transmutations | 1 2 3 4 |  4.6
Fire Magic     | 1 2 3 4 |  4.6
Ice Magic      | 1 2 3 4 |  4.6
Air Magic      | 1 2 3 4 |  4.6
Earth Magic    | 1 2 3 4 |  4.6
Poison Magic   | 1 2 3 4 |  4.6
Fighting       | 3 4 5 6 |  6.2
Throwing       | 5 6 7 |  7.3
Dodging        | 5 6 7 |  7.3
Hexes          | 6 7 |  7.2

Action                   |  1- 3 |  4- 6 |  7- 9 | 10-12 || total
-------------------------+-------+-------+-------+-------++-------
Melee: Club              |    22 |       |       |       ||    22
       Dagger            |    71 |    49 |       |       ||   120
       Bite              |    15 |     8 |    25 |     7 ||    55
       Mace              |    14 |    23 |   229 |    53 ||   319
       Punch             |       |     1 |     2 |       ||     3
Throw: Javelin           |    14 |    19 |    14 |     7 ||    54
       Dart              |       |    26 |    37 |    27 ||    90
       Throwing net      |       |       |       |     1 ||     1
 Cast: Slow              |       |     2 |     1 |       ||     3
       Inner Flame       |       |    19 |    35 |    24 ||    78
Invok: Heroism           |       |       |     1 |       ||     1
  Use: Scroll            |     6 |     5 |    11 |     2 ||    24
       Potion            |       |       |       |     2 ||     2
 Stab: Sleeping          |     4 |     4 |     6 |       ||    14
       Distracted        |     1 |       |     1 |       ||     2
Armor: Robe              |    27 |     7 |    28 |       ||    62
       Steam dragon scal |       |       |    12 |    11 ||    23
Dodge: Dodged            |    88 |    50 |   201 |    46 ||   385
Block: Buckler           |       |       |     2 |    20 ||    22

Table legend: (Time is in decaauts)
 A = Elapsed time spent in this place.
 B = Non-inter-level travel time spent in this place.
 C = Inter-level travel time spent in this place.
 D = Time resting spent in this place.
 E = Time spent auto-exploring this place.
 F = Levels seen in this place.
 G = Mean time per level.
                   A        B        C        D        E       F      G
               +--------+--------+--------+--------+--------+-----+--------+
         Total |  12672 |  12317 |    355 |   3794 |   4845 |  12 | 1056.0 |
       Dungeon |  11785 |  11436 |    349 |   3539 |   4621 |   9 | 1309.4 |
        Temple |    300 |    294 |      6 |      0 |    214 |   1 |  300.0 |
          Lair |    106 |    106 |      0 |     15 |     10 |   1 |  106.0 |
       Ossuary |    479 |    479 |      0 |    240 |      0 |   1 |  479.0 |
               +--------+--------+--------+--------+--------+-----+--------+
